 Dungeon Crawl Stone Soup version 0.22-a0-460-g49b1da7e92 (webtiles) character file.

136 Oravi the Changer (level 4, 0/35 HPs)
             Began as a Draconian Transmuter on June 9, 2018.
             Killed from afar by Oravi's ghost (8 damage)
             ... with a magic dart
             ... on level 3 of the Dungeon.
             The game lasted 00:12:16 (3307 turns).

Oravi the Changer (Draconian Transmuter)            Turns: 3307, Time: 00:12:16

Health: 0/35       AC:  2    Str: 13    XL:     4   Next: 98%
Magic:  1/7        EV: 19    Int: 14    God:
Gold:   132        SH:  0    Dex: 19    Spells: 1/7 levels left

rFire    . . .     SeeInvis .     - Unarmed
rCold    . . .     Gourm    .   (shield currently unavailable)
rNeg     . . .     Faith    .   (armour unavailable)
rPois    x         Spirit   .   (helmet currently unavailable)
rElec    .         Reflect  .   (cloak currently unavailable)
rCorr    .         Harm     .   (gloves currently unavailable)
MR       .....                  (boots currently unavailable)
Stlth    ++........             (no amulet)
HPRegen  0.11/turn              g - +3 ring of dexterity
MPRegen  0.10/turn              (no ring)

@: spider-form (expiring)
A: tiny, unfitting armour, AC +5
a: End Transformation


You were on level 3 of the Dungeon.
You were not hungry.
You were a venomous arachnid creature.
You visited 1 branch of the dungeon, and saw 3 of its levels.

You collected 132 gold pieces.

Inventory:

Missiles
 a - 50 arrows
 f - 37 stones (quivered)
 u - 2 throwing nets
Armour
 e - a +0 shield
 k - a +1 hat (melded)
 r - a +0 cloak (melded)
Jewellery
 g - a +3 ring of dexterity (left front leg)
Scrolls
 h - 2 scrolls of teleportation {unknown}
 i - 5 scrolls of enchant weapon {unknown}
 j - 4 scrolls of identify {unknown}
 m - 3 scrolls of enchant armour {unknown}
 o - 5 scrolls of immolation {unknown}
 q - a scroll of random uselessness {unknown}
 t - a scroll of remove curse {unknown}
 w - a scroll of fog {unknown}
Potions
 b - 2 potions of curing
 d - 2 potions of invisibility {unknown}
 l - a potion of ambrosia {unknown}
 n - a potion of mutation {unknown}
 p - a potion of flight {unknown}
 s - a potion of lignification {unknown}
 v - a potion of heal wounds {unknown}
 x - a potion of might {unknown}
Comestibles
 c - 9 rations
 z - 3 chunks of flesh


   Skills:
 - Level 1.1 Fighting
 - Level 1.7 Dodging
 - Level 3.0 Unarmed Combat
 - Level 2.0 Spellcasting
 + Level 4.5 Transmutations
 + Level 2.3 Poison Magic


You had one spell level left.
You knew the following spells:

 Your Spells              Type           Power        Failure   Level  Hunger
a - Spider Form           Tmut/Pois      ##........   38%         3    ####...
b - Sticks to Snakes      Tmut           ##......     16%         2    ###....
c - Beastly Appendage     Tmut           ##....       12%         1    ##.....

Your spell library contained the following spells:

 Spells                   Type           Power        Failure   Level  Hunger
 Blade Hands              Tmut           ##........   87%         5    ######.
 Ice Form                 Ice/Tmut       #.......     85%         4    #####..


Dungeon Overview and Level Annotations

Branches:
Dungeon (3/15)

Altars:
Xom

Annotations:
D:3 Oravi's ghost, amateur DrCj


Innate Abilities, Weirdness & Mutations

((Your plain brown scales are hard. (AC +5)))
You cannot fit into any form of body armour.
((You are cold-blooded and may be slowed by cold attacks.))


Message History

Oravi's ghost is lightly damaged.
Your ball python closely misses Oravi's ghost.
Oravi's ghost casts a spell at you. The magic dart hits you!
You barely miss Oravi's ghost.
Oravi's ghost is lightly damaged.
Your transformation is almost over.
Your ball python misses Oravi's ghost.
Oravi's ghost hits you. Oravi's ghost freezes you.
You hit Oravi's ghost but do no damage.
Oravi's ghost is lightly damaged.
Your ball python closely misses Oravi's ghost.
Oravi's ghost points at you and mumbles some strange words.
The magic dart hits you!
* * * LOW HITPOINT WARNING * * *
Your ball python misses Oravi's ghost.
Your ball python closely misses Oravi's ghost.
Oravi's ghost gestures at you while chanting.
The magic dart hits you!
You die...

............####.####............
............##.....##...######.##
..........#.#.......#...# #..#
#######.###.#.......#.#.### ##.#
#.# #....._.....#...#####.. #.#
#.#..S....#..#......... #.#
#.#...W...#............ #######.#
#.##.....##.....###...>
#.......###.####s####.###.....###
#........##...........# #.##### #
#......#.##.#.........# ###
#...........##..##.####
#......##.####.###.# #
#......##.#....<...# ##
#......##...##.##..# #.
#......##<####.###.######### ###.
####.####..# ..##..........###...


You could see Oravi's ghost and a friendly ball python.

Vanquished Creatures
  6 adders
  An ooze (D:3)
  A worm (D:2)
  A dart slug (D:1)
  2 leopard geckos
  An orc (D:3)
  9 giant cockroaches
  5 goblins (D:1)
  9 hobgoblins
  6 jackals (D:1)
  6 kobolds
  A quokka (D:3)
  A ball python (D:1)
  8 bats
  2 frilled lizards
  11 rats
70 creatures vanquished.

Notes
Turn   | Place    | Note
-------+----------+-------------------------------------------
     0 | D:1      | Oravi the Draconian Transmuter began the quest for the Orb.
     0 | D:1      | Reached XP level 1. HP: 16/16 MP: 3/3
   279 | D:1      | You fall through a shaft!
   309 | D:2      | Reached XP level 2. HP: 23/23 MP: 1/5
   453 | D:2      | Reached skill level 3 in Transmutations
   765 | D:2      | Reached XP level 3. HP: 13/28 MP: 6/6
   772 | D:2      | Learned a level 2 spell: Sticks to Snakes
   776 | D:2      | Learned a level 3 spell: Spider Form
  1652 | D:1      | Reached skill level 1 in Poison Magic
  1895 | D:1      | Reached skill level 4 in Transmutations
  1944 | D:1      | Reached XP level 4. HP: 35/35 MP: 1/7
  2408 | D:3      | Found a shimmering altar of Xom.
  3113 | D:3      | Found a faded altar of an unknown god.
  3287 | D:3      | Noticed Oravi's ghost (amateur DrCj)
  3307 | D:3      | Killed from afar by Oravi's ghost

Vault maps used:
D:1:      ebering_hopf_link, minmay_ruptured
D:3:      old_standard_altar, chequers_ecumenical_altar_lobes, first_ration,
          palyth_stone_intersect, st_stairs_2

Skill      XL: |  1  2  3  4 |
---------------+-------------+-----
Transmutations | 3 4 |  4.5
Poison Magic   | 1 2 |  2.3
Fighting       | |  1.1
Dodging        | |  1.7
Unarmed Combat | |  3.0
Spellcasting   | |  2.0

Action                   |  1- 3 |  4- 6 || total
-------------------------+-------+-------++-------
Melee: Unarmed           |   129 |    88 ||   217
       Kick              |     9 |     3 ||    12
       Tailslap          |     7 |       ||     7
       Headbutt          |       |     3 ||     3
Throw: Stone             |    33 |    35 ||    68
 Cast: Beastly Appendage |    16 |    10 ||    26
       Spider Form       |    10 |    12 ||    22
       Sticks to Snakes  |       |     2 ||     2
  Use: Potion            |     1 |       ||     1
 Stab: Sleeping          |     2 |     1 ||     3
  Eat: Chunk             |     5 |     7 ||    12
Armor: Skin              |    22 |    24 ||    46
Dodge: Dodged            |    72 |    60 ||   132

Table legend:
 A = Spawn XP
 B = Non-spawn XP
 C = Spawn XP percentage of total XP
 D = Spawn monster count
 E = Non-spawn monster count
 F = Spawn count percentage of total count
 G = Total turns spent on level
                    A         B        C        D         E        F      G
               +---------+---------+-------+---------+---------+-------+---------
         Total |       0 |     195 |   0.0 |       0 |      70 |   0.0 |  3307
               +---------+---------+-------+---------+---------+-------+---------
           D:1 |       0 |      47 |   0.0 |       0 |      26 |   0.0 |   986
           D:2 |       0 |      80 |   0.0 |       0 |      20 |   0.0 |  1416
           D:3 |       0 |      68 |   0.0 |       0 |      24 |   0.0 |   905
               +---------+---------+-------+---------+---------+-------+---------
